 Dungeon Crawl Stone Soup version 0.31.0-11-ge490571c62 (webtiles) character file.

Game seed: 13434948119776559007

39 qw the Shooter (level 3, -5/20 HPs)
             Began as a Deep Elf Hunter on Feb 3, 2024.
             Slain by a ribbon worm (8 damage)
             ... on level 2 of the Dungeon.
             The game lasted 00:00:18 (933 turns).

qw the Shooter (Deep Elf Hunter)                     Turns: 933, Time: 00:00:18

Health: -5/20      AC:  4    Str: 10    XL:     3   Next: 26%
Magic:  5/5        EV: 12    Int: 13    God:
Gold:   106        SH:  0    Dex: 18    Spells: 2/2 levels left

rFire   . . .        a - +0 shortbow
rCold   . . .        (shield currently unavailable)
rNeg    + . .        c - +0 leather armour
rPois   .            (no helmet)
rElec   .            (no cloak)
rCorr   .            j - +0 pair of gloves
SInv    .            (no boots)
Will    .....        i - amulet of faith
Stlth   ++           d - ring of positive energy
HPRegen 0.23/turn    (no ring)
MPRegen 0.09/turn

%: faith
@: about to teleport
A: no striking features
a: no special abilities


You were on level 2 of the Dungeon.
You visited 1 branch of the dungeon, and saw 2 of its levels.

You collected 106 gold pieces.


   Skills:
 - Level 1.5 Fighting
 + Level 6.8 Ranged Weapons
 - Level 2.4 Dodging
 - Level 1.2 Stealth


You had 2 spell levels left.
You didn't know any spells.
Your spell library was empty.

Inventory:

Hand Weapons
 a - a +0 shortbow (weapon)
Armour
 c - a +0 leather armour (worn)
 f - a +0 ring mail
 j - a +0 pair of gloves (worn)
Jewellery
 d - a ring of positive energy (left hand)
 i - an amulet of faith (around neck)
Wands
 g - a wand of iceblast (11)
Scrolls
 l - a scroll of immolation {unknown}
Potions
 e - a potion of cancellation {unknown}
 h - a potion of heal wounds {unknown}
 k - 2 potions of brilliance {unknown}
 m - a potion of might {unknown}

Dungeon Overview and Level Annotations

Branches:
Dungeon (2/15)

Altars:
Xom


Message History

The adder hisses angrily.
The adder is heavily wounded.
You shoot an arrow. The arrow barely misses the adder.
A ribbon worm comes into view.
You shoot an arrow. The arrow hits the ribbon worm!
The ribbon worm is heavily wounded.
You shoot an arrow. The arrow barely misses the adder.
You shoot an arrow. The arrow barely misses the adder.
The adder closely misses you.
You shoot an arrow. The arrow closely misses the adder.
The adder barely misses you. The ribbon worm bites you. The adder bites you.
You shoot an arrow. The arrow barely misses the adder.
The adder bites you but does no damage.
The ribbon worm expels a string of sticky webbing.
The stream of webbing hits you but does no damage.
You are caught in a web!
You struggle to detach yourself from the web.
The adder bites you. x2
You are poisoned.
The adder poisons you!
You struggle to detach yourself from the web.
You feel sick. The ribbon worm barely misses you.
The adder bites you but does no damage.
The web tears apart.
You feel sick. The adder misses you. The ribbon worm bites you.
You shoot an arrow. The arrow closely misses the adder.
You feel sick. The adder bites you but does no damage.
The ribbon worm barely misses you. The adder bites you.
932 ||| READING scroll of teleportation.
As you read the scroll of teleportation, it crumbles to dust.
You feel strangely unstable.
You feel sick.
You are no longer poisoned.
The adder barely misses you.
The ribbon worm expels a string of sticky webbing.
The stream of webbing hits you but does no damage.
You are caught in a web!
The web tears apart.
The adder barely misses you. The ribbon worm bites you!
You die...

####.....###
............
###......###########
#................#
###%#######..#####.#
#..................#
#...........##.#.###
#..........###.#.##
#..........# #.#@S#
#..........# #.##w.#
#..........# #.#
#.... #..........#
#.# #..#..
#..........# #.# #>#
##.######### #.# ##
#. #.


You could see a ribbon worm (catching breath) and an adder.

Vanquished Creatures
  An adder (D:2)
  5 ball pythons
  6 endoplasms
  A giant cockroach (D:1)
  2 goblins (D:1)
  A hobgoblin (D:1)
  2 quokkas
  4 bats
  2 frilled lizards
  A kobold (D:1)
  4 rats (D:1)
29 creatures vanquished.

Notes
Turn   | Place    | Note
-------+----------+-------------------------------------------
     0 | D:1      | qw the Deep Elf Hunter began the quest for the Orb.
     0 | D:1      | Reached XP level 1. HP: 12/12 MP: 3/3
     0 | D:1      | 0 ||| qw: Version: 0.3-a-155-g5e7d8dd
     0 | D:1      | 0 ||| qw: Game counter: 3525
     0 | D:1      | 0 ||| qw: Melee chars always use a shield: true
     0 | D:1      | 0 ||| qw: God list: Okawaru
     0 | D:1      | 0 ||| qw: Allow faded altars: false
     0 | D:1      | 0 ||| qw: Do Orc after clearing Dungeon:15 true
     0 | D:1      | 0 ||| qw: Do second Lair branch before Depths: true
     0 | D:1      | 0 ||| qw: Lair rune preference: random
     0 | D:1      | 0 ||| qw: Goals: Normal
     0 | D:1      | 0 ||| PLANNING D:1-11
   102 | D:1      | Reached XP level 2. HP: 16/16 MP: 4/4
   110 | D:1      | Reached skill level 6 in Ranged Weapons
   515 | D:1      | 515 ||| UPGRADING to +0 pair of gloves.
   520 | D:1      | 520 ||| UPGRADING to amulet of faith.
   525 | D:1      | 525 ||| UPGRADING to ring of positive energy.
   526 | D:1      | 526 ||| READING 2 scrolls labelled WYRYUXZ XUZOF.
   527 | D:1      | 527 ||| READING scroll labelled ERCHAF VOLYS.
   530 | D:1      | 530 ||| READING scroll labelled CUKOUTZYUGA.
   631 | D:1      | 631 ||| DROPPING scroll of butterflies.
   632 | D:1      | 632 ||| DROPPING scroll of amnesia.
   779 | D:2      | Found a shimmering altar of Xom.
   847 | D:2      | Reached XP level 3. HP: 20/20 MP: 5/5
   931 | D:2      | HP: 3/20 [adder (4)]
   932 | D:2      | 932 ||| READING scroll of teleportation.
   933 | D:2      | Slain by a ribbon worm

Levels and vault maps discovered:
D:1:      scummos_arrival_simple_crosswalls, layout_rooms, minmay_pentomino_q2
D:2:      layout_basic, basic_altar, uniq_crazy_yiuf_cottage, uniq_terence

Skill      XL: |  1  2 |
---------------+-------+-----
Ranged Weapons | 6 |  6.8
Fighting       | |  1.5
Dodging        | |  2.4
Stealth        | |  1.2

Action                     || total
---------------------------++-------
   Fire: Shortbow          ||    85
    Use: Scroll            ||     4
 Armour: Leather armour    ||    15
  Dodge: Dodged            ||    16

Table legend:
 A = Non-vault XP
 B = Vault XP
 C = Vault XP percentage of total XP
 D = Non-vault monster count
 E = Vault monster count
 F = Vault count percentage of total count
                 A         B        C        D         E       F
            +---------+---------+-------+---------+---------+-------
      Total |      53 |       3 |   5.4 |      27 |       2 |   6.9
            +---------+---------+-------+---------+---------+-------
        D:1 |      30 |       3 |   9.1 |      20 |       2 |   9.1
        D:2 |      23 |       0 |   0.0 |       7 |       0 |   0.0
            +---------+---------+-------+---------+---------+-------
